 Dungeon Crawl Stone Soup version 0.30-a0-596-g0af90f9a20 (webtiles) character file.

Game seed: 13655574717769851888

66 pokeman the Magician (level 3, -1/20 HPs)
             Began as a Deep Elf Hedge Wizard on Jan 7, 2023.
             Killed by divine providence
             ... invoked by an orc priest
              (11 damage)
             ... on level 3 of the Dungeon.
             The game lasted 00:02:59 (2366 turns).

pokeman the Magician (Deep Elf Hedge Wizard)        Turns: 2366, Time: 00:02:59

Health: -1/20      AC:  2    Str:  7    XL:     3   Next: 96%
Magic:  10/11      EV: 12    Int: 20    God:
Gold:   106        SH:  0    Dex: 14    Spells: 4/12 levels left

rFire   . . .      SeeInvis .    f - +0 triple sword
rCold   . . .      Faith    .    (shield currently unavailable)
rNeg    . . .      Spirit   .    b - +0 robe
rPois   .          Reflect  .    c - +0 hat
rElec   .          Harm     .    (no cloak)
rCorr   .          Rampage  .    (no gloves)
Will    .....                    (no boots)
Stlth   ++                       (no amulet)
HPRegen 0.23/turn                (no ring)
MPRegen 0.12/turn                (no ring)

@: no status effects
A: no striking features
a: no special abilities


You were on level 3 of the Dungeon.
You visited 1 branch of the dungeon, and saw 3 of its levels.

You collected 106 gold pieces.

Inventory:

Hand Weapons
 f - a +0 triple sword (weapon)
Armour
 b - a +0 robe (worn)
 c - a +0 hat (worn)
Jewellery
 j - an amulet of the acrobat
Scrolls
 a - 2 scrolls of teleportation {unknown}
 e - 2 scrolls of enchant armour {unknown}
 g - 4 scrolls of identify {unknown}
 i - 2 scrolls of magic mapping {unknown}
 k - a scroll of fog {unknown}
 m - a scroll of blinking {unknown}
 n - a scroll of noise {unknown}
Potions
 d - a potion of magic
 h - a potion of haste {unknown}
 l - a potion of curing {unknown}
 o - 2 potions of berserk rage {unknown}
 p - a potion of ambrosia {unknown}


   Skills:
 - Level 1.0 Fighting
 - Level 1.0 Armour
 + Level 2.5 Dodging
 + Level 2.5 Stealth
 * Level 5.4 Spellcasting
 + Level 2.0 Conjurations
 - Level 1.1 Summonings
 - Level 1.1 Translocations


You had 4 spell levels left.
You knew the following spells:

 Your Spells              Type           Power      Damage    Failure   Level
a - Magic Dart            Conj           52%        1d5       4%          1
b - Mephitic Cloud        Conj/Pois/Air  8%         N/A       26%         3
c - Call Imp              Summ           9%         N/A       11%         2
d - Blink                 Tloc           18%        N/A       11%         2

Your spell library contained the following spells:

 Spells                   Type           Power      Damage    Failure   Level
 Beastly Appendage        Tmut           10%        N/A       11%         1
 Slow                     Hex            20%        N/A       11%         1
 Cigotuvi's Dreadful Rot  Necr/Pois/Air  10%        N/A       17%         2
 Wereblood                Tmut           5%         N/A       17%         2
 Spider Form              Tmut/Pois      5%         N/A       32%         3


Dungeon Overview and Level Annotations

Branches:
Dungeon (3/15)

Altars:


Message History

An adder comes into view.
Found 2 javelins.
Found a scroll labelled JUYKUA WATHUNN.
The helpless adder fails to defend itself.
You slash the adder!
The adder is almost dead.
The adder bites you.
You are poisoned.
The adder poisons you! The adder bites you. The adder barely misses you.
Casting: Magic Dart (safe; 4% risk of failure)
Confirm with . or Enter, or press ? or * to list all spells.
Aiming: Magic Dart (safe; 4% risk of failure)
Press: ? - help, Shift-Dir - straight line, f - adder
Aim: an adder (almost dead, 100% to hit)
The magic dart hits the adder.
You kill the adder!
You feel sick.
Casting: Magic Dart (safe; 4% risk of failure)
Confirm with . or Enter, or press ? or * to list all spells.
You can't see any susceptible monsters within range! (Use Z to cast anyway.) Unknown command.
An orc comes into view. It is wielding a +0 hand axe.
You feel sick.
Things that are here:
2 javelins; an adder corpse You feel sick.
You see here a scroll labelled JUYKUA WATHUNN.
You hear the slow rusting of a very distant drain.
You feel sick.
You feel sick. 2 orcs and an orc priest come into view.
You feel sick.
You are no longer poisoned.
The orc priest shouts!
The orc shouts! x2
The orc shouts!
The orc closely misses you.
The orc priest mumbles some strange prayers to Beogh against you.
Beogh smites you!
Ouch! That really hurt!
You die...

### ##
#################.##.##.#
#................(......#
#.###.###########.?#.....
#.## #..# #.# #..# #..#
##.# ######..# ###.###
#oooo@..# ####.....#
#######.# ##..##.##..#
.... #.####+# #.# #....#
......... .. ###.#
######+## .# .... # #.##
##..


You could see an orc priest and 3 orcs.

Vanquished Creatures
  2 adders
  3 dart slugs
  3 endoplasms (D:1)
  A giant cockroach (D:1)
  7 goblins
  3 hobgoblins
  2 jackals (D:2)
  A kobold (D:2)
  2 quokkas
  6 ball pythons
  4 bats
  3 frilled lizards
  5 rats (D:1)
42 creatures vanquished.

Notes
Turn   | Place    | Note
-------+----------+-------------------------------------------
     0 | D:1      | pokeman the Deep Elf Hedge Wizard began the quest for the
                  | Orb.
     0 | D:1      | Reached XP level 1. HP: 10/10 MP: 7/7
   471 | D:1      | Reached XP level 2. HP: 9/16 MP: 4/9
   880 | D:1      | Found a faded altar of an unknown god.
   917 | D:1      | Reached skill level 5 in Spellcasting
  1411 | D:2      | Reached XP level 3. HP: 20/20 MP: 9/11
  1415 | D:2      | Learned a level 3 spell: Mephitic Cloud
  1425 | D:2      | Learned a level 2 spell: Call Imp
  1428 | D:2      | Learned a level 2 spell: Blink
  1588 | D:2      | Reached skill level 1 in Armour
  1741 | D:2      | Reached skill level 1 in Fighting
  2366 | D:3      | Killed from afar by an orc priest

Illustrated notes

Levels and vault maps discovered:
D:1:      minmay_arrival_checkered_box, layout_basic, basic_ecumenical_altar
D:2:      layout_basic
D:3:      layout_basic, cheibrodos_worm_habitat,
          nicolae_qazlal_scattered_showers, gup_sewer_entry_pipe,
          interstate_on_off

Skill      XL: |  1  2  3 |
---------------+----------+-----
Spellcasting   | 5 |  5.4
Armour         | 1 |  1.0
Fighting       | 1 |  1.0
Conjurations   | 2 |  2.0
Dodging        | |  2.5
Stealth        | |  2.5
Summonings     | |  1.1
Translocations | |  1.1

Action                   || total
-------------------------++-------
Melee: Triple sword      ||    10
 Cast: Magic Dart        ||    88
 Stab: Sleeping          ||     2
Armor: Robe              ||     6
Dodge: Dodged            ||    22

Table legend: (Time is in decaauts)
 A = Elapsed time spent in this place.
 B = Non-inter-level travel time spent in this place.
 C = Inter-level travel time spent in this place.
 D = Time resting spent in this place.
 E = Time spent auto-exploring this place.
 F = Levels seen in this place.
 G = Mean time per level.
                   A        B        C        D        E       F      G
               +--------+--------+--------+--------+--------+-----+--------+
         Total |   2372 |   2345 |     27 |      0 |   2094 |   3 |  790.7 |
       Dungeon |   2372 |   2345 |     27 |      0 |   2094 |   3 |  790.7 |
               +--------+--------+--------+--------+--------+-----+--------+

Top non-repeatable levels by time:
     D:1: 1312 daAuts
     D:2: 1008 daAuts
     D:3: 52 daAuts
